Prune, chaotic male elven Priest --------- #......<.| -.- ----------- ---- ----- |.......| |.+ |..| .-.... |..| +.... |.......| |.| |..| |.... |..| |...| |.......| -.----|-----....----|--+-----....## ##-.......| |......@C..........Gr.@.........| # -------.- |..|-----+--.....G.-|----|---%..| #### # ..|.....|.........{|....|...|(..| ## ### |.|..|..|. |.......|....|%..|...| #### # |.----|-.---.........._.|%.%|.... ## ### |.............{....|....|%..|...| ### # |.-------+-------...--.-----|.... ## # |.|%!?%|...|(((.|.+....| +...| ### # |.-..)?|...|(((.-.|....| |...| ### # ..|./!.| ..|(((.|.|....| |...| ###.---|- |.--------.------.-----------...| #-....| |...............................| |....| --------.------------------------ ------ Prune the Adept Experience level: 6 Strength: 13 Dexterity: 14 Constitution: 9 Intelligence: 8 Wisdom: 20 Charisma: 10 Health: 0(44) Energy: 83(89) Def: 6 Gold: 404 Moves: 2993 Dungeon seed: fgpNzRC1C-sNpY87 Game ID: Prune_1615163184 Your Inventory: Coins $ - 404 gold pieces Weapons a - a blessed greased +2 mace (weapon in hand) t - 8 +0 darts (in quiver) Armor e - a +0 robe (being worn) n - a +0 small shield (being worn) I - a blessed +1 pair of iron shoes (being worn) N - a +0 pair of elven boots Comestibles c - a clove of garlic d - a sprig of wolfsbane L - 2 tripe rations M - a food ration Scrolls s - a cursed scroll of identify Spellbooks f - a spellbook of extra healing g - a spellbook of healing k - a spellbook of detect food Potions b - 4 potions of holy water o - a potion of water D - a potion of gain ability J - a potion of healing Rings B - a ring of sustain ability (on left hand) Wands x - a wand of cold (0:2) Tools h - a bell j - a tin whistle u - 20 tallow candles (0:200) C - a tin whistle F - a can of grease (0:16) H - a partly used tallow candle (0:123) Gems r - a worthless piece of red glass y - 4 worthless pieces of violet glass z - an agate stone E - a worthless piece of black glass K - a topaz stone Y - a worthless piece of yellowish brown glass Spells and supernatural/magical abilities: Name Level Category Fail Memory h - healing 1 healing 0% 86% x - extra healing 3 healing 45% 86% E - detect food 2 divination 10% 97% W - pray for help -- divine ? -- X - turn undead -- divine ? -- Your skills at the end: Fighting Skills Weapon Skills mace [Basic] Spellcasting Skills clerical spells [Basic] Final Attributes: You were piously aligned. You were sleep resistant. You had infravision. You had fixed abilities. You are dead. Vanquished creatures: 2 small mimics a gold golem a rock mole 4 gnome lords 3 gnomish wizards a kobold mummy a kitten 5 dwarves 5 rothes an acid blob a coyote a gas spore 2 hobbits a hobgoblin a cave spider 20 gnomes a gecko 3 jackals a fox a kobold 2 goblins 3 lichens a newt 62 creatures vanquished. Voluntary challenges: You used a wielded weapon 104 times, starting on turn 59. You read items or engraved 6 times, starting on turn 283. You never genocided any monsters. You never polymorphed an object. You never changed form. You used no wishes. You never split a pudding. You never wrote Elbereth's name. You violated your moral code, losing 1 point of alignment, starting on turn 914. Dungeon overview: The Dungeons of Doom: levels 1 to 4 Level 1 a fountain a long staircase Level 2 a potion shop, a fountain, a sink Level 3 Level 4 a general store stairs to The Gnomish Mines The Gnomish Mines: levels 5 to 7 Level 5 stairs to The Dungeons of Doom Level 6 Level 7 <- You were here some shops, a temple to Crom, some fountains History has recorded: On T:1 you entered the Dungeons of Doom to retrieve the Amulet of Yendor! On T:277 you reached level 2 of The Dungeons of Doom. On T:554 you advanced to experience level 2. On T:815 you reached level 3 of The Dungeons of Doom. On T:1017 you advanced to experience level 3. On T:1085 you reached level 4 of The Dungeons of Doom. On T:1430 you reached level 1 of The Gnomish Mines. On T:1581 you advanced to experience level 4. On T:1800 you advanced to experience level 5. On T:1858 you reached level 2 of The Gnomish Mines. On T:2348 you advanced to experience level 6. On T:2620 you reached level 3 of The Gnomish Mines. Score breakdown: Gold: 404 ( 8869 points) Experience: 6 levels (12456 points) Exploration: 7 levels ( 14.58%) (10718 points) Discoveries: 8 items ( 2.79%) ( 5008 points) Valuables value: (no points given unless you survive) Artifact value: 0 ( 0 points) Variety of kills: 23 monsters ( 6.04%) ( 7370 points) Turncount: 2993 turns ( -596 points) Survival: died (score multiplied by 80%) Total score: 35060 Latest messages: You see here a pine wand (200 zorkmids). The door opens. You hear someone cursing shoplifters. You miss the plains centaur. The plains centaur misses. The plains centaur kicks! You miss the plains centaur. The plains centaur misses. The plains centaur kicks! The plains centaur hits! The plains centaur misses. The plains centaur hits! The plains centaur kicks! You miss the plains centaur. The plains centaur hits! The plains centaur kicks! The plains centaur hits! The plains centaur kicks! You miss the plains centaur. The plains centaur misses. The plains centaur kicks! You miss the plains centaur. The plains centaur hits! The plains centaur kicks! The plains centaur hits! You die... Final status: Goodbye Prune the Priest, killed by a plains centaur... You died in The Gnomish Mines on dungeon level 7 with 35060 points, and 404 pieces of gold, after 2993 moves. You were level 6 with a maximum of 44 hit points when you died.